 Dungeon Sprint DCSS version 0.31-a0-408-gb642c7f9a3 (webtiles) character file.

Game seed: 16385685974133896401

11527 rocky1 the Brawler (level 11, -33/100 HPs)
             Began as a Naga Shapeshifter on July 30, 2023.
             Was the Champion of Cheibriados.
             Killed from afar by a fire giant (62 damage)
             ... with a bolt of fire
             ... in the Dungeon (Sprint VII: "The Pits").
             The game lasted 00:07:18 (3447 turns).

rocky1 the Brawler (Naga Shapeshifter)              Turns: 3447, Time: 00:07:19

Health: -33/100    AC: 18    Str: 32    XL:     11   Next: 79%
Magic:  19/20      EV: 14    Int: 28    God:    Cheibriados [******]
Gold:   10         SH:  0    Dex: 30    Spells: 10/10 levels left

rFire   . .          .
                       - Unarmed
rCold   . . .        (no shield)
rNeg    . . .        q - +4 chain mail
rPois   +            (helmet currently unavailable)
rElec   .            (cloak currently unavailable)
rCorr   .            (gloves currently unavailable)
SInv    +            (no barding)
Will    +....        (no amulet)
Stlth   ++           h - +3 ring of intelligence
HPRegen 0.36/turn    j - +3 ring of protection
MPRegen 0.17/turn

%: no teleportation
@: beast-form, very slow
A: beast (slay +7), AC +3, large, see invisible, deformed body, poison
resistance, slowness 2, spit poison 1, naga tail 1
a: Spit Poison, Begin Untransformation, Renounce Religion, Bend Time, Temporal
Distortion, Slouch, Step From Time


You were in the Dungeon.
You worshipped Cheibriados.
Cheibriados was exalted by your worship.
You were a hulking beast.
You visited 1 branch You collected 10 gold pieces.

Inventory:

Missiles
 r - 4 javelins
 s - 8 poisoned darts
Armour
 a - a +0 animal skin
 n - a +0 pair of gloves
 o - a +0 cloak
 p - a +0 pair of boots
 q - a +4 chain mail (worn)
Jewellery
 h - a +3 ring of intelligence (left hand)
 j - a +3 ring of protection (right hand)
 z - a ring of positive energy
 B - an amulet of faith
Talismans
 c - a beast talisman
Wands
 C - a wand of iceblast (5)
Scrolls
 i - 2 scrolls of blinking
 u - 4 scrolls of enchant armour
 v - 6 scrolls of enchant weapon
 w - a scroll of fog
 x - 2 scrolls of identify
 y - a scroll of poison
Potions
 b - a potion of lignification
 d - 10 potions of curing
 e - 6 potions of heal wounds
 f - 2 potions of haste
 g - 2 potions of magic
 k - a potion of might
 l - a potion of resistance
 m - 3 potions of mutation
 t - 2 potions of berserk rage
 A - a potion of enlightenment


   Skills:
 + Level 7.0 Fighting
 + Level 9.9 Armour
 + Level 7.7 Dodging
 + Level 8.6 Stealth
 + Level 17.3 Unarmed Combat
 + Level 12.1 Invocations
 - Level 10.9 Shapeshifting


You had 10 spell levels left.
You didn't know any spells.
Your spell library was empty.

Dungeon Overview and Level Annotations

Branches:
Dungeon (1/1)

Altars:
Ashenzari
Cheibriados
Dithmenos
Elyvilon
Fedhas
Gozag
Hepliaklqana
Kikubaaqudgha
Makhleb
Nemelex Xobeh
Okawaru
Qazlal
Ru
Sif Muna
Trog
Uskayaw
Vehumet
Wu Jian
Xom
Yredelemnul
Zin
The Shining One
Jiyva
Lugonu


Innate Abilities, Weirdness & Mutations

You are a hulking beast.
Your limbs bulge with bestial killing power. (Slay +7)
Your serpentine skin is tough. (AC +3)
You have supernaturally acute eyesight. (SInv)
Armour fits poorly on your strangely shaped body.
Your system is resistant to poisons. (rPois)
You cover ground very slowly.
You can spit poison.
You have a snake-like lower body.


Message History

You punch the merfolk javelineer, but do no damage.
The merfolk javelineer is severely wounded.
The merfolk javelineer throws a javelin.
The javelin pierces through you.
You hit the merfolk javelineer.
The merfolk javelineer is severely wounded.
You pummel the merfolk javelineer!!
You kill the merfolk javelineer!
Cheibriados appreciates the change of pace.
Your Fighting skill increases to level 7!
Your Invocations skill increases to level 12!
You punch the fire giant! x2
The fire giant is moderately wounded.
The fire giant hits you but does no damage.
You hit the fire giant.
The fire giant is moderately wounded.
You punch the fire giant!
The fire giant is moderately wounded.
The fire giant hits you with a +1 great sword of flaming!
The fire giant burns you.
You hit the fire giant.
The fire giant is moderately wounded.
The fire giant hits you with a +1 great sword of flaming!
* * * LOW HITPOINT WARNING * * *
The fire giant burns you.
* * * LOW HITPOINT WARNING * * *
You pummel the fire giant!!
The fire giant is heavily wounded.
You hit the fire giant but do no damage.
You punch the fire giant!
The fire giant is severely wounded.
The fire giant hits you with a +1 great sword of flaming!
* * * LOW HITPOINT WARNING * * *
The fire giant burns you.
* * * LOW HITPOINT WARNING * * *
You feel much better.
The fire giant gestures at you while chanting.
The bolt of fire hits you!!!
Ouch! That really hurt!
You die...

## #h# #C# #m# # #i# #. ##)#
#..#C##############
############....h.............
_________.##..................
_________.###########''#######
_______...###########''######
#########'##................#
+.##......#..#......#
#########.##................+
...........'................+
'#####'#####......#..#......#


You could see a fire giant.

Vanquished Creatures
  A nagaraja (D)
  A minotaur (D)
  A merfolk javelineer (D)
  A hydra (D)
  Erolcha (D)
  A boulder beetle (D)
  A swamp dragon (D)
  A deep troll (D)
  A manticore (D)
  Maurice (D)
  An eye of devastation (D)
  A gargoyle (D)
  2 orange demons (D)
  An unseen horror (D)
  2 rime drakes (D)
  A guardian mummy (D)
  A merfolk (D)
  A tyrant leech (D)
  2 spriggans (D)
  A ynoxinul (D)
  6 redbacks (D)
  A small abomination (D)
  A swamp drake (D)
  A black bear (D)
  An ice beast (D)
  2 sky beasts (D)
  8 wolves (D)
  A phantom (D)
  2 kobold brigands (D)
  4 necrophages (D)
  A scorpion (D)
  A crimson imp (D)
  2 quasits (D)
  A hound (D)
  A jelly (D)
  A hell rat (D)
  A mummy (D)
  A gnoll (D)
  2 white imps (D)
  A worm (D)
  An orc (D)
  An endoplasm (D)
  A goblin (D)
  A hobgoblin (D)
  A kobold (D)
  2 quokkas (D)
  A ball python zombie (D)
  2 bats (D)
  A quokka simulacrum (D)
  A rat (D)
74 creatures vanquished.

Notes
Turn   | Place    | Note
-------+----------+-------------------------------------------
     0 | D        | rocky1 the Naga Shapeshifter began the quest for the Orb.
     0 | D        | Reached XP level 1. HP: 18/18 MP: 1/1
    11 | D        | Noticed a scorpion
    20 | D        | Killed a scorpion
    21 | D        | Reached skill level 5 in Unarmed Combat
    21 | D        | Reached skill level 5 in Shapeshifting
    21 | D        | Reached XP level 2. HP: 3/25 MP: 2/2
    21 | D        | Reached XP level 3. HP: 4/31 MP: 3/3
    21 | D        | Reached XP level 4. HP: 5/38 MP: 4/4
   551 | D        | Found a bloodstained altar of Trog.
   551 | D        | Found a shimmering blue altar of Sif Muna.
   551 | D        | Found a viscous altar of Jiyva.
   551 | D        | Found a hazy altar of Hepliaklqana.
   551 | D        | Found an opulent altar of Gozag.
   552 | D        | Found a glowing golden altar of the Shining One.
   552 | D        | Found a glowing silver altar of Zin.
   552 | D        | Found a basalt altar of Yredelemnul.
   552 | D        | Found a shimmering altar of Xom.
   552 | D        | Found an ornate altar of the Wu Jian Council.
   552 | D        | Found a sacrificial altar of Ru.
   552 | D        | Found a stormy altar of Qazlal.
   552 | D        | Found an iron altar of Okawaru.
   552 | D        | Found a sparkling altar of Nemelex Xobeh.
   552 | D        | Found a burning altar of Makhleb.
   552 | D        | Found a blossoming altar of Fedhas.
   552 | D        | Found a white marble altar of Elyvilon.
   552 | D        | Found a shadowy altar of Dithmenos.
   552 | D        | Found a snail-covered altar of Cheibriados.
   556 | D        | Found a corrupted altar of Lugonu.
   556 | D        | Found a radiant altar of Vehumet.
   557 | D        | Found a broken altar of Ashenzari.
   557 | D        | Found an ancient bone altar of Kikubaaqudgha.
   557 | D        | Found a hide-covered altar of Uskayaw.
   563 | D        | Became a worshipper of Cheibriados the Contemplative
   593 | D        | Reached * piety under Cheibriados
   765 | D        | Noticed an ice beast
   768 | D        | Reached skill level 1 in Stealth
   771 | D        | Reached ** piety under Cheibriados
   774 | D        | Killed an ice beast
   775 | D        | Reached skill level 6 in Unarmed Combat
   775 | D        | Reached XP level 5. HP: 37/44 MP: 5/5
   925 | D        | Reached *** piety under Cheibriados
   950 | D        | Noticed a black bear
   956 | D        | Reached **** piety under Cheibriados
   957 | D        | Reached skill level 7 in Unarmed Combat
   960 | D        | Killed a black bear
   961 | D        | Reached skill level 8 in Unarmed Combat
   961 | D        | Reached XP level 6. HP: 40/51 MP: 6/6
   965 | D        | Reached ***** piety under Cheibriados
   966 | D        | Reached skill level 9 in Unarmed Combat
   983 | D        | Reached XP level 7. HP: 44/57 MP: 7/7
   990 | D        | Noticed a tyrant leech
   997 | D        | Killed a tyrant leech
   998 | D        | Reached skill level 5 in Dodging
   998 | D        | Reached skill level 10 in Unarmed Combat
  1237 | D        | Reached ****** piety under Cheibriados
  1238 | D        | Reached skill level 11 in Unarmed Combat
  1240 | D        | Reached XP level 8. HP: 58/67 MP: 8/8
  1381 | D        | Reached skill level 5 in Stealth
  1613 | D        | Noticed a rime drake
  1622 | D        | Reached skill level 10 in Shapeshifting
  1629 | D        | Killed a rime drake
  1630 | D        | Reached skill level 12 in Unarmed Combat
  1630 | D        | Reached skill level 1 in Invocations
  1630 | D        | Reached XP level 9. HP: 17/75 MP: 3/10
  1920 | D        | Noticed a swamp dragon
  1928 | D        | Killed a swamp dragon
  1929 | D        | Reached skill level 13 in Unarmed Combat
  1929 | D        | Noticed an orange demon
  1931 | D        | Noticed a gargoyle
  1933 | D        | Killed an orange demon
  1938 | D        | HP: 3/78 [gargoyle/stone arrow (23)]
  1944 | D        | Killed a gargoyle
  1945 | D        | Reached skill level 14 in Unarmed Combat
  1949 | D        | Noticed Erolcha
  1957 | D        | Killed Erolcha
  1958 | D        | Reached skill level 5 in Armour
  1958 | D        | Reached XP level 10. HP: 23/87 MP: 1/12
  2152 | D        | Noticed an orange demon
  2163 | D        | Killed an orange demon
  2293 | D        | Reached skill level 5 in Invocations
  2295 | D        | Reached skill level 15 in Unarmed Combat
  2310 | D        | Noticed a deep troll
  2328 | D        | Killed a deep troll
  2329 | D        | Reached skill level 5 in Fighting
  2335 | D        | Noticed a boulder beetle
  2421 | D        | Killed a boulder beetle
  2534 | D        | Noticed a manticore
  2539 | D        | Killed a manticore
  2729 | D        | Noticed a nagaraja
  2729 | D        | Noticed an eye of devastation
  2729 | D        | Noticed a minotaur
  2731 | D        | Reached XP level 11. HP: 91/97 MP: 10/17
  2741 | D        | Killed a minotaur
  2742 | D        | Reached skill level 16 in Unarmed Combat
  2753 | D        | Killed a nagaraja
  2754 | D        | Reached skill level 10 in Invocations
  3056 | D        | Noticed an eight-headed hydra
  3061 | D        | Killed an eight-headed hydra
  3062 | D        | Reached skill level 17 in Unarmed Combat
  3422 | D        | Noticed a spriggan rider
  3422 | D        | Noticed Maurice
  3422 | D        | Noticed a merfolk javelineer
  3423 | D        | Noticed a fire giant
  3427 | D        | Killed Maurice
  3440 | D        | Killed a merfolk javelineer
  3447 | D        | Killed from afar by a fire giant

Illustrated notes

Levels and vault maps discovered:
D:        pitsprint [storerooms_1, entrance_room_1, metal_vault_4, armoury_2,
          mini_pit_1, grid_room_1, main_hall_1, silver_pit, the_coven_1,
          the_vestibule_1, steel_vault_4, golden_pit, hallway_of_sentries,
          crystal_vault_1, iron_vault_2, final_vault]

Skill      XL: |  1  2  3  4  5  6  7  8  9 10 11 |
---------------+----------------------------------+-----
Dodging        | 2 3 4 5 6 7 |  7.7
Unarmed Combat | 5 6 8 9 11 12 14 15 17 | 17.3
Shapeshifting  | 5 7 8 9 10 | 10.9
Stealth        | 1 2 3 4 6 8 |  8.6
Fighting       | 3 4 5 7 |  7.0
Armour         | 2 5 8 9 |  9.9
Invocations    | 1 3 8 12 | 12.1

Action                     |  1- 3 |  4- 6 |  7- 9 | 10-12 || total
---------------------------+-------+-------+-------+-------++-------
  Melee: Unarmed           |     7 |    38 |    55 |    83 ||   183
         Punch             |       |     1 |     3 |    10 ||    14
 Invoke: Slouch            |       |       |     3 |    11 ||    14
         Bend Time         |       |       |       |     2 ||     2
Ability: Spit Poison       |     1 |       |     1 |       ||     2
    Use: Potion            |     1 |       |     2 |     6 ||     9
   Stab: Sleeping          |       |       |     3 |       ||     3
         Distracted        |       |       |       |     1 ||     1
 Armour: Animal skin       |       |    12 |     8 |       ||    20
         Chain mail        |       |       |    13 |    55 ||    68
  Dodge: Dodged            |     2 |    33 |    54 |    62 ||   151

Table legend: (Time is in decaauts)
 A = Elapsed time spent in this place.
 B = Non-inter-level travel time spent in this place.
 C = Inter-level travel time spent in this place.
 D = Time resting spent in this place.
 E = Time spent auto-exploring this place.
 F = Levels seen in this place.
 G = Mean time per level.
                   A        B        C        D        E       F      G
               +--------+--------+--------+--------+--------+-----+--------+
         Total |   4097 |   3929 |    168 |   2731 |      0 |   1 | 4097.0 |
       Dungeon |   4097 |   3929 |    168 |   2731 |      0 |   1 | 4097.0 |
               +--------+--------+--------+--------+--------+-----+--------+

Top non-repeatable levels by time:
       D: 4097 daAuts
